 Dungeon Sprint DCSS version 0.29-a0-824-gd827844252 (webtiles) character file.

Game seed: 5629519199858361689

27 mhtbhm the Cudgeller (level 2, -6/29 HPs)
             Began as a Minotaur Berserker on July 9, 2022.
             Was a Priest of Trog.
             Succumbed to a scorpion's poison
             ... in the Dungeon (Sprint IX: "|||||||||||||||||||||||||||||").
             The game lasted 00:00:17 (174 turns).

mhtbhm the Cudgeller (Minotaur Berserker)            Turns: 174, Time: 00:00:17

Health: -6/29      AC:  2    Str: 21    XL:     2   Next: 93%
Magic:  1/1        EV: 12    Int:  4    God:    Trog [***...]
Gold:   0          SH:  0    Dex:  9    Spells: 1/1 levels left

rFire   . . .      SeeInvis .   a - +0 mace
rCold   . . .      Faith    .   (no shield)
rNeg    . . .      Spirit   .   b - +0 animal skin
rPois   .          Reflect  .   (helmet restricted)
rElec   .          Harm     .   (no cloak)
rCorr   .          Rampage  .   (no gloves)
Will    .....      NoTele   +   (no boots)
Stlth   +.........              (no amulet)
HPRegen 0.09/turn               (no ring)
MPRegen 0.07/turn               (no ring)

@: lethally poisoned (-6 -> -29), on berserk cooldown, slowed, very slow
A: horns 2, retaliatory headbutt
a: Renounce Religion, Berserk, Trog's Hand


You were in the Dungeon.
You worshipped Trog.
Trog was most pleased with you.
You visited 1 branch

Inventory:

Hand Weapons
 a - a +0 mace (weapon)
Armour
 b - a +0 animal skin (worn)
Scrolls
 h - a scroll of blinking
Potions
 e - a potion of haste
 f - 2 potions of magic
 g - a potion of berserk rage


   Skills:
 + Level 5.5 Fighting
 + Level 5.7 Maces & Flails
 + Level 3.3 Armour
 + Level 3.1 Dodging


You had one spell level left.
You didn't know any spells.
Your spell library was empty.

Dungeon Overview and Level Annotations

Branches:
Dungeon (1/1)

Altars:


Innate Abilities, Weirdness & Mutations

You have a pair of horns on your head.
You reflexively headbutt those who attack you in melee.


Message History

You closely miss the scorpion. Your headbutt misses the scorpion.
The scorpion closely misses you. The scorpion stings you.
You hit the scorpion but do no damage. The scorpion barely misses you.
You furiously retaliate!
You headbutt the scorpion. The scorpion misses you.
You hit the scorpion but do no damage.
The scorpion is moderately wounded.
The scorpion stings you. The scorpion barely misses you.
You closely miss the scorpion.
The scorpion is moderately wounded.
The scorpion stings you.
You are poisoned.
The scorpion poisons you! The scorpion completely misses you.
Unknown command.
You feel much better.
You feel very sick. The scorpion barely misses you.
The scorpion closely misses you. You furiously retaliate!
You headbutt the scorpion, but do no damage.
You hit the scorpion but do no damage.
The scorpion is moderately wounded.
You feel sick. The scorpion stings you.
You are more poisoned.
The scorpion poisons you! The scorpion stings you.
You are lethally poisoned!
The scorpion poisons you!
Okay, then.
Okay, then.
Press: ? - help, v - describe, . - travel, g - get item
Here: a scorpion (moderately wounded)
Items here: a +0 dagger; a +0 robe.
An open door, spattered with blood.
You hit the scorpion but do no damage.
The scorpion is moderately wounded.
You feel extremely sick. The scorpion misses you. You furiously retaliate!
You headbutt the scorpion! The scorpion stings you!
* * * LOW HITPOINT WARNING * * *
You hit the scorpion but do no damage.
The scorpion is almost dead.
You die... ▓▓▓▓▓▓▓▓▓▓▓▓▓▓▓▓▓▓ +..5hws@...)'...<▓ ▓▓▓▓▓▓▓▓▓▓▓▓▓▓▓▓▓▓

You could see a worm, a scorpion, a hound and an ufetubus.

Vanquished Creatures
  An orc wizard (D)
  A giant cockroach (D)
  2 ball pythons (D)
  A frilled lizard (D)
  A kobold (D)
6 creatures vanquished.

Notes
Turn   | Place    | Note
-------+----------+-------------------------------------------
     0 | D        | mhtbhm the Minotaur Berserker began the quest for the Orb.
     0 | D        | Reached XP level 1. HP: 19/19 MP: 0/0
    10 | D        | Reached ** piety under Trog
   156 | D        | Noticed a hound
   156 | D        | Noticed a scorpion
   156 | D        | Noticed an orc wizard
   165 | D        | Killed an orc wizard
   165 | D        | Reached *** piety under Trog
   166 | D        | Reached skill level 5 in Fighting
   166 | D        | Reached skill level 5 in Maces & Flails
   166 | D        | Reached XP level 2. HP: 23/29 MP: 1/1
   174 | D        | Succumbed to a scorpion's poison

Illustrated notes

Levels and vault maps discovered:
D:        linesprint [early_d, line_temple, items_1, d_10, items_2, lair_1,
          lair_end, items_3, orc_1, orc_end, items_4, d_15, swamp_1, shoals_1,
          snake_1, spider_1, d_20, vaults_1, items_5, swamp_end, shoals_end,
          snake_end, spider_end, vaults_end, d_27, items_6, zot_1, zot_end,
          crypt_end, forest_end, elf_end, slime_end, tomb_end, abyss_end,
          pan_hell_end]

Skill      XL: |  1 |
---------------+----+-----
Fighting       | 5 |  5.5
Maces & Flails | 5 |  5.7
Armour         | 3 |  3.3
Dodging        | 3 |  3.1

Action                   || total
-------------------------++-------
Melee: Mace              ||    23
Invok: Berserk           ||     1
  Use: Potion            ||     2
Armor: Animal skin       ||     3
Dodge: Dodged            ||    16

Table legend: (Time is in decaauts)
 A = Elapsed time spent in this place.
 B = Non-inter-level travel time spent in this place.
 C = Inter-level travel time spent in this place.
 D = Time resting spent in this place.
 E = Time spent auto-exploring this place.
 F = Levels seen in this place.
 G = Mean time per level.
                   A        B        C        D        E       F      G
               +--------+--------+--------+--------+--------+-----+--------+
         Total |    179 |    179 |      0 |    134 |      0 |   1 |  179.0 |
       Dungeon |    179 |    179 |      0 |    134 |      0 |   1 |  179.0 |
               +--------+--------+--------+--------+--------+-----+--------+

Top non-repeatable levels by time:
       D: 179 daAuts
